 Dungeon Crawl Stone Soup version 0.18-a0-1267-gff090c1 (webtiles) character file.

266 4thArraOfDagon the Chiller (level 6, -2/32 HPs)
             Began as a Deep Elf Ice Elementalist on Feb 6, 2016.
             Was an Initiate of Vehumet.
             Killed from afar by 4thArraOfDagon's ghost (9 damage)
             ... with a zap
             ... on level 6 of the Dungeon.
             The game lasted 00:09:20 (1226 turns).

4thArraOfDagon the Chiller (DEIE)                   Turns: 1226, Time: 00:09:20

Health: -2/32      AC:  3    Str:  5    XL:     6   Next: 0%
Magic:  15/24      EV: 18    Int: 22    God:    Vehumet [......]
Gold:   71         SH:  0    Dex: 20    Spells: 4 memorised, 4 levels left

rFire  . . .     SeeInvis .     h - +0 short sword (venom)
rCold  . . .     Gourm    .     a - +0 robe
rNeg   . . .     Faith    .     (no shield)
rPois  .         Spirit   .     (no helmet)
rElec  .         Dismiss  .     p - +0 cloak (curse)
rCorr  .         Reflect  .     (no gloves)
SustAt .         Harm     .     (no boots)
MR     .....                    (no amulet)
Stlth  +++.......               (no ring)
                                d - ring of magical power

@: agile, not resistant to hostile enchantments, fairly stealthy
A: no striking features
a: Renounce Religion


You were on level 6 of the Dungeon.
You worshipped Vehumet.
Vehumet was noncommittal.
You were not hungry.

You visited 2 branches of the dungeon, and saw 7 of its levels.

You collected 71 gold pieces.

Inventory:

Hand Weapons
 h - a +0 short sword of venom (weapon)
 i - a +3 quarterstaff of chaos
 s - a cursed -1 dagger
 u - a +2 falchion of draining
Armour
 a - a +0 robe (worn)
 p - a cursed +0 cloak (worn)
Jewellery
 d - a ring of magical power (left hand)
Wands
 x - a wand of flame (15/48)
Scrolls
 e - a scroll of immolation {unknown}
 l - 2 scrolls of blinking
 q - 2 scrolls of remove curse {unknown}
 r - a scroll of enchant weapon {unknown}
 t - a scroll of recharging {unknown}
 w - a scroll of amnesia {unknown}
Potions
 g - 2 potions of magic
 k - 2 potions of brilliance
 m - a potion of haste
 o - a potion of cancellation {unknown}
 v - a potion of curing
Books
 b - a book of Frost

   Spells                             Type                      Level
   a - Freeze                         Ice                          1
   b - Throw Frost                    Conjuration/Ice              2
   c - Ozocubu's Armour               Charms/Ice                   3
   d - Throw Icicle                   Conjuration/Ice              4
   e - Summon Ice Beast               Ice/Summoning                4
   f - Condensation Shield            Ice                          4
 y - a book of Burglary

   Spells                             Type                      Level
   a - Swiftness                      Charms/Air                   2
   b - Passwall                       Transmutation/Earth          2
   c - Passage of Golubria            Translocation                4
   d - Lee's Rapid Deconstruction     Earth                        5
   e - Darkness                       Hexes                        6
   f - Invisibility                   Hexes                        6
Comestibles
 c - 4 bread rations
 f - 3 royal jellies


   Skills:
 - Level 2.4 Dodging
 - Level 2.4 Stealth
 + Level 5.1 Spellcasting
 * Level 3.4 Conjurations
 * Level 5.5 Ice Magic


You had 4 spell levels left.
You knew the following spells:

 Your Spells              Type           Power        Failure   Level  Hunger
a - Freeze                Ice            ####         1%          1    None
b - Throw Frost           Conj/Ice       ####..       2%          2    None
c - Throw Icicle          Conj/Ice       ####....     17%         4    ####...
d - Summon Ice Beast      Ice/Summ       ###.....     34%         4    ####...


Dungeon Overview and Level Annotations

Branches:
Dungeon (6/15)             Temple (1/1) D:4

Altars:
Ashenzari
Cheibriados
Dithmenos
Elyvilon
Fedhas
Gozag
Kikubaaqudgha
Nemelex Xobeh
Okawaru
Pakellas
Qazlal
Ru
Sif Muna
Trog
Vehumet
Xom
Yredelemnul
Zin

Annotations:
D:2 exclusion: upstairs
D:3 oliversarmada's ghost, amateur MfGl
D:6 4thArraOfDagon's ghost, novice DsAE


Message History

4thArraOfDagon's ghost hits your ice beast.
Your ice beast hits 4thArraOfDagon's ghost but does no damage. 4thArraOfDagon's ghost hits your ice beast.
Your ice beast dies!
Your ice beast misses 4thArraOfDagon's ghost.
Casting: Summon Ice Beast
Confirm with . or Enter, or press ? or * to list all spells.
Okay, then. 4thArraOfDagon's ghost gestures at you while chanting.
The zap misses you.
Your ice beast hits 4thArraOfDagon's ghost but does no damage.
Unknown command.
Drink which item? (? for menu, Esc to quit)
You feel agile all of a sudden.
Your ice beast closely misses 4thArraOfDagon's ghost. 4thArraOfDagon's ghost gestures at you while chanting.
The zap hits you!
* * * LOW HITPOINT WARNING * * *
The zap hits you!
You die...

###########.#.# #..#,,,,*,*******
#.#,* #..#,,,,*,,,,,,,, #.#,*
#WY#,,,,*,,,,,,,, #.#,*
#..#,,,,*,,,,,,,, #.#,*
#..#,,,,*,,,,,,,,
##.#+###..#,,,,,,,,,,,,,
#.....##..#,,*,*,,,,,,,,
#.....##..#,,,,*,,,,,,,,
#......@..#,*,,*,,,,,,,,
#.....###.#,*,,*,**,,,,,
#......,..#,****,**,***,
*********###########,,,,,,,,,,,*,
*,,,,,,,,,,,,,,,,,,,,,,,,,**,*,,,
**,*************************,***,
*,*,,,,,,,,,,,,,,,,,,,,,**,,,,,,
*,*,**,,,,*,,**********,*******,
*,*,*<,,,,*,,* *,* **


You could see 4thArraOfDagon's ghost and a friendly ice beast.

Vanquished Creatures
  A crimson imp (D:3)
  Crazy Yiuf (D:2)
  An orc wizard (D:3)
  Jessica (D:2)
  Ijyb (D:3)
  Natasha (D:2)
  5 adders
  2 worms (D:2)
  2 orcs (D:3)
  A ball python (D:1)
  9 bats
  6 giant cockroaches
  5 goblins
  3 hobgoblins (D:1)
  6 kobolds
  A quokka (D:4)
  4 rats
50 creatures vanquished.

Notes
Turn   | Place    | Note
--------------------------------------------------------------
     0 | D:1      | 4thArraOfDagon the Deep Elf Ice Elementalist began the quest for the Orb.
     0 | D:1      | Reached XP level 1. HP: 10/10 MP: 6/6
    53 | D:1      | BLOAX: as a bonus then IE is an alright start
    71 | D:1      | Reached XP level 2. HP: 15/15 MP: 5/8
   207 | D:1      | BLOAX: did you start with a ring of +mp
   219 | D:1      | BLOAX: or do DE just have a humongous mp pool all of a suden
   219 | D:1      | 4thArraOfDagon: +mp ring
   219 | D:1      | 4thArraOfDagon: right next to the stairs
   219 | D:1      | 4thArraOfDagon: anyway look
   219 | D:1      | BLOAX: and venom sblade right off the hook
   219 | D:1      | 4thArraOfDagon: cockroaches are suspectiab;e to mutagenic energies
   219 | D:1      | BLOAX: heh
   219 | D:1      | 4thArraOfDagon: which is surprising
   226 | D:1      | Reached skill level 4 in Ice Magic
   254 | D:2      | Noticed Natasha
   259 | D:2      | Killed Natasha
   259 | D:2      | Reached XP level 3. HP: 11/19 MP: 9/10
   263 | D:2      | Learned a level 2 spell: Throw Frost
   354 | D:2      | Noticed Jessica
   358 | D:2      | Killed Jessica
   358 | D:2      | Reached XP level 4. HP: 15/24 MP: 5/12
   373 | D:2      | Yermak: Bloax, I just saw you on Spider:5. Did they lengthen Lair branches again?
   462 | D:3      | Noticed oliversarmada's ghost (amateur MfGl)
   483 | D:2      | Yermak: I can't find the corresponding commit
   494 | D:2      | Noticed Crazy Yiuf
   502 | D:2      | Killed Crazy Yiuf
   548 | D:3      | BLOAX: No, it's a transferred game from 0.16a->0.17a->0.18a
   565 | D:2      | BLOAX: i even had a ring of cteleport
   570 | D:2      | Yermak: lol
   585 | D:2      | BLOAX: which didn't work
   611 | D:3      | Reached skill level 5 in Ice Magic
   611 | D:3      | Reached XP level 5. HP: 26/28 MP: 14/14
   699 | D:4      | Reached skill level 5 in Spellcasting
   758 | D:4      | Found a staircase to the Ecumenical Temple.
   764 | Temple   | Entered the Ecumenical Temple
   785 | Temple   | 4thArraOfDagon: and like what
   785 | Temple   | 4thArraOfDagon: 3 ziggurines?
   800 | Temple   | Became a worshipper of Vehumet
   840 | D:4      | BLOAX: 2
   856 | D:4      | BLOAX: excluding the one in tomb
   917 | D:3      | Noticed Ijyb
   922 | D:3      | Killed Ijyb
   928 | D:3      | Learned a level 4 spell: Throw Icicle
   933 | D:3      | Learned a level 4 spell: Summon Ice Beast
   989 | D:3      | Reached XP level 6. HP: 22/32 MP: 15/15
  1135 | D:5      | Entered Level 5 of the Dungeon
  1203 | D:6      | Noticed 4thArraOfDagon's ghost (novice DsAE)
  1207 | D:6      | futacaninefemale: hahah
  1226 | D:6      | Killed from afar by 4thArraOfDagon's ghost

Vault maps used:
D:1:      matt_arrival_diagonals
D:2:      uniq_crazy_yiuf_cottage, uniq_jessica, uniq_natasha
D:3:      first_bread, minmay_misc_feat_rugged, grunt_ministairs_2, uniq_iyjb
D:4:      temple_green
D:5:      basic_altar, serial_shops, nicolae_shop_statue_plus,
          minmay_misc_feat_tower, hangedman_abyss_or_decor_stabs,
          kennysheep_generic_room_13
D:6:      enter_ossuary_1, uniq_menkaure, uniq_eustachio
Temple:   kilobyte_greek_temple_18

Action                   |  1- 3 |  4- 6 || total
-------------------------+-------+-------++-------
Melee: Unarmed           |     1 |       ||     1
       Short sword       |    22 |     7 ||    29
 Cast: Freeze            |    32 |    25 ||    57
       Throw Frost       |     9 |    22 ||    31
       Summon Ice Beast  |       |     2 ||     2
       Throw Icicle      |       |     1 ||     1
  Use: Potion            |     1 |     2 ||     3
       Scroll            |       |     7 ||     7
 Stab: Sleeping          |     2 |     2 ||     4
  Eat: Chunk             |       |     1 ||     1
